 Dungeon Crawl Stone Soup version 0.30-a0-702-gdf48620a09 (webtiles) character file.

Game seed: 13837235185547288820

2 flotson the Sneak (level 1, -1/18 HPs)
             Began as a Demonspawn Delver on Jan 22, 2023.
             Slain by an orc
             ... wielding a +0 flail
              (8 damage)
             ... on level 6 of the Dungeon.
             The game lasted 00:00:49 (71 turns).

flotson the Sneak (Demonspawn Delver)                 Turns: 71, Time: 00:00:49

Health: -1/18      AC:  3    Str: 12    XL:     1   Next: 25%
Magic:  1/1        EV: 11    Int: 11    God:
Gold:   13         SH:  0    Dex: 14    Spells: 0/0 levels left

rFire   . . .      SeeInvis .    a - +0 hand axe
rCold   . . .      Faith    .    (no shield)
rNeg    . . .      Spirit   .    b - +0 leather armour
rPois   .          Reflect  .    (no helmet)
rElec   .          Harm     .    (no cloak)
rCorr   .          Rampage  .    (no gloves)
Will    .....                    (no boots)
Stlth   ++                       (no amulet)
HPRegen 0.23/turn                (no ring)
MPRegen 0.07/turn                (no ring)

@: hasted, very quick
A: no striking features
a: no special abilities


You were on level 6 of the Dungeon.
You visited 1 branch of the dungeon, and saw 2 of its levels.

You collected 13 gold pieces.

Inventory:

Hand Weapons
 a - a +0 hand axe (weapon)
Armour
 b - a +0 leather armour (worn)
Wands
 g - a wand of digging (3)
Scrolls
 c - a scroll of fog
 d - a scroll of magic mapping
 e - a scroll of fear
Potions
 h - a potion of heal wounds {unknown}


   Skills:
 + Level 3.0 Fighting
 + Level 1.8 Axes
 + Level 0.0 Armour
 + Level 1.8 Dodging
 + Level 4.5 Stealth
 + Level 0.0 Evocations


You couldn't memorise any spells.
You didn't know any spells.
Your spell library was empty.

Dungeon Overview and Level Annotations

Branches:
Dungeon (6/15)
 Temple: D:4-7

Altars:

Shops:
D:5 :


Message History

You now have 13 gold pieces.
There is a stone staircase leading down here.
Found 6 stones.
Found a stone staircase leading down.
h - a white potion An orc comes into view.
It is wielding a +0 short sword.
The orc shouts!
You hear a shout!
The orc moves out of view.
An orc comes into view. It is wielding a +0 flail.
You hit the orc.
The orc is heavily wounded.
The orc hits you with a +0 flail!
You completely miss the orc.
The orc is heavily wounded.
An orc comes into view. It is wielding a +0 flail.
You feel yourself speed up. The orc misses you.
You barely miss the orc.
The orc is heavily wounded.
You closely miss the orc. The orc barely misses you.
You slash the orc!
You kill the orc!
You closely miss the orc. You hit the orc. The orc completely misses you.
The orc barely misses you.
You barely miss the orc.
The orc is heavily wounded.
You hit the orc but do no damage. You barely miss the orc.
The orc is heavily wounded.
You completely miss the orc. The orc closely misses you.
The orc hits you but does no damage.
You barely miss the orc.
The orc is moderately wounded.
You closely miss the orc. The orc hits you with a +0 flail! The orc misses you.
You hit the orc.
The orc is moderately wounded.
The orc hits you with a +0 flail.
You hit the orc.
The orc is severely wounded.
The orc hits you with a +0 flail!
You die...

....# ...# #.. ######.####
######## #......)..# #......#
#..####....# ###......# #....#
##........#
####....#####..#......#
..........oo@..####.#########
............###.# #..........
.....>..........####...<......
..........####....>...........
.....###..# ##.#####.........
..... ...## #..# #.........
... ..### #.## #......... ..
.## .. #......... #.#
#.........


You could see 2 orcs.

Vanquished Creatures
  An orc (D:6)
1 creature vanquished.

Notes
Turn   | Place    | Note
-------+----------+-------------------------------------------
     0 | D:5      | flotson the Demonspawn Delver began the quest for the Orb.
     0 | D:5      | Reached XP level 1. HP: 18/18 MP: 1/1
    71 | D:6      | Slain by an orc

Illustrated notes

Levels and vault maps discovered:
D:5:      layout_loops_ring, serial_shops, nicolae_diamond_shop, shop, shop,
          nicolae_shop_temple_entry_statues_fountains, nicolae_take_the_stairs
D:6:      layout_rooms, minmay_misc_feat_rugged

Action                   || total
-------------------------++-------
Melee: Hand axe          ||     9
  Use: Potion            ||     1
Armor: Leather armour    ||     1
Dodge: Dodged            ||     6

Table legend: (Time is in decaauts)
 A = Elapsed time spent in this place.
 B = Non-inter-level travel time spent in this place.
 C = Inter-level travel time spent in this place.
 D = Time resting spent in this place.
 E = Time spent auto-exploring this place.
 F = Levels seen in this place.
 G = Mean time per level.
                   A        B        C        D        E       F      G
               +--------+--------+--------+--------+--------+-----+--------+
         Total |     66 |     66 |      0 |      0 |     39 |   2 |   33.0 |
       Dungeon |     66 |     66 |      0 |      0 |     39 |   2 |   33.0 |
               +--------+--------+--------+--------+--------+-----+--------+

Top non-repeatable levels by time:
     D:6: 61 daAuts
     D:5: 5 daAuts
